 Dungeon Crawl Stone Soup version 0.29-a0-384-g6960b1960d (webtiles) character file.

Game seed: 9293793482144592974

38 greenreed the Insei (level 3, -1/27 HPs)
             Began as a Djinni Transmuter on May 6, 2022.
             Slain by an orc
             ... wielding a +2 dagger of speed
              (3 damage)
             ... on level 3 of the Dungeon.
             The game lasted 00:04:02 (2070 turns).

greenreed the Insei (Djinni Transmuter)             Turns: 2070, Time: 00:04:02

Health: -1/27      AC:  2    Str: 11    XL:     3   Next: 65%
Gold:   65         EV: 12    Int: 14    God:
                   SH:  0    Dex: 13

rFire   + + .      SeeInvis .     - Unarmed
rCold   x . .      Faith    .   (no shield)
rNeg    . . .      Spirit   .   a - +0 robe
rPois   ∞          Reflect  .   (no helmet)
rElec   .          Harm     .   (no cloak)
rCorr   .          Rampage  .   (no gloves)
Will    .....                   (boots unavailable)
Stlth   +.........              (no amulet)
HPRegen 0.09/turn               (no ring)
MPRegen 0.00/turn               (no ring)

@: flying
A: sickness immunity, fire resistance 2, cold vulnerability 1, float, innate
caster, HP casting, extra vitality 1
a: no special abilities


You were on level 3 of the Dungeon.
You visited 1 branch of the dungeon, and saw 4 of its levels.

You collected 65 gold pieces.

Inventory:

Missiles
 f - 3 poisoned darts
Armour
 a - a +0 robe (worn)
Scrolls
 c - 3 scrolls of fog {unknown}
 d - a scroll of torment {unknown}
 h - a scroll of vulnerability {unknown}
 i - 2 scrolls of identify {unknown}
Potions
 b - 3 potions of lignification
 e - a potion of magic {unknown}
 g - 4 potions of heal wounds {unknown}
 j - a potion of attraction {unknown}
 k - a potion of might {unknown}
 l - a potion of flight {unknown}


   Skills:
 * Level 1.5 Fighting
 + Level 2.5 Dodging
 + Level 3.6 Unarmed Combat
 * Level 2.0 Spellcasting


You couldn't memorise any spells.
You knew the following spells:

 Your Spells              Type           Power      Damage    Failure   Level
a - Beastly Appendage     Tmut           14%        N/A       11%         1
b - Wereblood             Tmut           7%         N/A       16%         2
c - Spider Form           Tmut/Pois      7%         N/A       30%         3
d - Ice Form              Ice/Tmut       7%         N/A       71%         4
e - Apportation           Tloc           14%        N/A       11%         1
Your spell library was empty.

Dungeon Overview and Level Annotations

Branches:
Dungeon (4/15)
 Temple: D:4-7

Altars:


Innate Abilities, Weirdness & Mutations

You are immune to sickness and miasma.
You are immune to poison.
Your flesh is very heat resistant. (rF++)
You are vulnerable to cold. (rC-)
You float through the air rather than walking.
You learn spells naturally, not from books.
Your magical power is your life essence.
You have superior vitality. (+4 MHP)


Message History

The ball python misses you.
The ball python attacks as you move away!
The ball python bites you. The ball python barely misses you.
The orc hits you with a +2 dagger of speed.
The ball python attacks as you move away!
The ball python bites you.
The orc hits you with a +2 dagger of speed.
The hobgoblin closely misses you.
The ball python attacks as you move away!
The ball python closely misses you.
The orc hits you with a +2 dagger of speed. x2
The orc attacks as you move away! The orc completely misses you.
The ball python attacks as you move away!
The ball python bites you. The orc attacks as you move away!
The orc barely misses you. The ball python closely misses you.
The ball python grabs you. The ball python constricts you.
The ball python's grasp on you weakens, but your attempt to escape fails.
The orc hits you with a +2 dagger of speed.
The ball python barely misses you. The ball python constricts you.
You escape the ball python's grasp.
The orc attacks as you move away!
The orc hits you with a +2 dagger of speed.
* * * LOW HITPOINT WARNING * * *
Found a scroll labelled ROSSEG FOIGA.
The orc attacks as you move away!
The orc hits you with a +2 dagger of speed.
* * * LOW HITPOINT WARNING * * *
Found a hand axe.
The orc attacks as you move away! The orc closely misses you.
Found a metallic golden potion.
The orc attacks as you move away! The orc completely misses you.
The orc attacks as you move away!
The orc hits you with a +2 dagger of speed.
* * * LOW HITPOINT WARNING * * *
A bat comes into view.
Found a stone staircase leading up.
The orc attacks as you move away!
The orc hits you with a +2 dagger of speed.
You die...

..# ..# ######.# .##
<..# ........ ..#
...#. ...# #.# ..#
...... ...# #.#
#.######.....#
...###.#
#.##..........
.......####.##.o@...#
...#......#.##O.....#
............gS......#
...#..?...##!..###+##
...#...............
...#....)...###.....
..#######...# ......
.... #...# ......
..#+# ##### ......


You could see an ogre, an orc, a hobgoblin and a ball python.

Vanquished Creatures
  An adder (D:1)
  2 dart slugs (D:2)
  7 ball pythons
  An endoplasm (D:1)
  A goblin (D:2)
  4 hobgoblins
  2 kobolds (D:1)
  2 quokkas
  2 bats (D:1)
  2 rats
24 creatures vanquished.

Vanquished Creatures (others)
  A plant (D:1)
1 creature vanquished.

Grand Total: 25 creatures vanquished

Notes
Turn   | Place    | Note
-------+----------+-------------------------------------------
     0 | D:1      | greenreed the Djinni Transmuter began the quest for the
                  | Orb.
     0 | D:1      | Reached XP level 1. HP: 17/17 MP: 0/0
   346 | D:1      | Reached XP level 2. HP: 11/22 MP: 0/0
  1147 | D:1      | Found a faded altar of an unknown god.
  1344 | D:1      | Reached XP level 3. HP: 20/27 MP: 0/0
  1344 | D:1      | Learned a level 1 spell: Apportation
  2033 | D:2      | You are sucked into a shaft and drop 2 floors!
  2033 | D:4      | Noticed an ogre
  2070 | D:3      | Slain by an orc

Illustrated notes

Levels and vault maps discovered:
D:1:      onia_arrival_mini_spirals, layout_basic,
          shapermc_ecumenical_altar_ellora
D:2:      layout_rooms
D:3:      layout_basic, gup_sewer_entry_bubbles, minmay_randomly_rotated_circles
D:4:      layout_cave_pools

Skill      XL: |  1  2  3 |
---------------+----------+-----
Spellcasting   | 2 |  2.0
Fighting       | |  1.5
Dodging        | |  2.5
Unarmed Combat | |  3.6

Action                   || total
-------------------------++-------
Melee: Unarmed           ||    84
       Headbutt          ||    10
       Punch             ||     2
 Cast: Beastly Appendage ||    16
  Use: Potion            ||     1
Armor: Robe              ||    14
       Skin              ||     6
Dodge: Dodged            ||    67

Table legend: (Time is in decaauts)
 A = Elapsed time spent in this place.
 B = Non-inter-level travel time spent in this place.
 C = Inter-level travel time spent in this place.
 D = Time resting spent in this place.
 E = Time spent auto-exploring this place.
 F = Levels seen in this place.
 G = Mean time per level.
                   A        B        C        D        E       F      G
               +--------+--------+--------+--------+--------+-----+--------+
         Total |   2065 |   2030 |     35 |    268 |   1522 |   4 |  516.2 |
       Dungeon |   2065 |   2030 |     35 |    268 |   1522 |   4 |  516.2 |
               +--------+--------+--------+--------+--------+-----+--------+

Top non-repeatable levels by time:
     D:1: 1408 daAuts
     D:2: 620 daAuts
     D:3: 30 daAuts
     D:4: 5 daAuts
